 Dungeon Crawl Stone Soup version 0.21.1-1-g345015f (webtiles) character file.

285 wojtek the Slasher (level 6, -2/47 HPs)
             Began as a Barachi Fighter on July 20, 2018.
             Was a Follower of Fedhas.
             Slain by a gnoll
             ... wielding a +2 halberd of flaming
              (4 damage)
             ... on level 4 of the Dungeon.
             The game lasted 00:04:01 (3363 turns).

wojtek the Slasher (Barachi Fighter)                Turns: 3363, Time: 00:04:02

Health: -2/47      AC:  9    Str: 19    XL:     6   Next: 29%
Magic:  6/6        EV:  5    Int:  8    God:    Fedhas [*.....]
Gold:   149        SH:  9    Dex: 12    Spells: 5/5 levels left

rFire    . . .     SeeInvis .   a - +0 long sword
rCold    + . .     Gourm    .   c - +0 shield
rNeg     . . .     Faith    .   s - +0 chain mail
rPois    .         Spirit   .   (no helmet)
rElec    .         Reflect  .   (no cloak)
rCorr    .         Harm     .   (no gloves)
MR       .....                  (no boots)
Stlth    ..........             (no amulet)
HPRegen  0.15/turn              k - ring of protection from cold
MPRegen  0.10/turn              (no ring)

@: slow
A: +LOS, swims, slowness 1, strong legs 1
a: Hop, Fungal Bloom, Evolution, Renounce Religion


You were on level 4 of the Dungeon.
You worshipped Fedhas.
Fedhas was aware of your devotion.
You were very hungry.

You visited 1 branch of the dungeon, and saw 4 of its levels.

You collected 149 gold pieces.

Inventory:

Hand Weapons
 a - a +0 long sword (weapon)
Armour
 c - a +0 shield (worn)
 s - a +0 chain mail (worn)
Jewellery
 k - a ring of protection from cold (left hand)
Scrolls
 g - 2 scrolls of enchant armour {unknown}
 j - 4 scrolls of teleportation {unknown}
 l - 2 scrolls of amnesia {unknown}
 m - 2 scrolls of immolation {unknown}
 o - a scroll of magic mapping {unknown}
 p - a scroll of identify {unknown}
Potions
 d - a potion of might
 e - 2 potions of lignification {unknown}
 h - a potion of ambrosia {unknown}
 i - a potion of flight {unknown}
 n - a potion of curing {unknown}
 q - a potion of heal wounds {unknown}
 r - 2 potions of invisibility {unknown}
Comestibles
 f - 3 rations


   Skills:
 - Level 3.6 Fighting
 + Level 7.8 Long Blades
 - Level 3.6 Armour
 - Level 3.2 Shields


You had 5 spell levels left.
You didn't know any spells.

Dungeon Overview and Level Annotations

Branches:
Dungeon (4/15)
 Temple: D:4-7

Altars:
Fedhas
Ru


Innate Abilities, Weirdness & Mutations

Shadows flee at your approach. (+LOS)
You can swim through water.
You cover ground slowly.
You can hop short distances.


Message History

2 gnolls come into view.
A gnoll is wielding a halberd of flaming.
The gnoll shouts! x2; You hear a shout!
You block the gnoll's attack.
Found a hand axe.
A gnoll comes into view. It is wielding a spear.
You block the gnoll's attack. x2; The gnoll hits you but does no damage.
Found a scroll labeled COISAJ YG LIY.
Found an escape hatch in the ceiling.
You slash the gnoll!
The gnoll is heavily wounded.
The gnoll hits you from afar with a spear.
You block the gnoll's attack. The gnoll hits you with a halberd!
You hit the gnoll.
You kill the gnoll!
You block the gnoll's attack.
The gnoll hits you from afar with a halberd of flaming!
* * * LOW HITPOINT WARNING * * *
The gnoll burns you.
You die...
Fedhas appreciates your contribution to the ecosystem.

...
#.......#####.)##.#
....#####.# #[###.#
. #.### #.# #.#
#.#.. ..# #.#
#.#.##### #.# #.#.#
#.# #.#.#######.#
#...........#
###@######### #)#


.gg #...# #..?# ..... ..... ......< ##...## You could see 2 gnolls.

Vanquished Creatures
  A bullfrog skeleton (D:4)
  2 orc wizards (D:4)
  5 gnolls
  4 adders
  3 worms
  A dart slug (D:1)
  A leopard gecko (D:1)
  9 orcs
  A ball python (D:3)
  5 giant cockroaches
  13 goblins
  4 hobgoblins
  12 jackals
  6 kobolds
  3 quokkas (D:3)
  7 bats
  5 frilled lizards
  6 rats
88 creatures vanquished.

Notes
Turn   | Place    | Note
-------+----------+-------------------------------------------
     0 | D:1      | wojtek the Barachi Fighter began the quest for the Orb.
     0 | D:1      | Reached XP level 1. HP: 18/18 MP: 1/1
    98 | D:1      | Reached skill level 3 in Long Blades
   101 | D:1      | Reached XP level 2. HP: 24/24 MP: 2/2
   162 | D:1      | Reached skill level 4 in Long Blades
   228 | D:1      | Reached XP level 3. HP: 29/29 MP: 3/3
  1049 | D:2      | Reached skill level 5 in Long Blades
  1049 | D:2      | Reached XP level 4. HP: 32/36 MP: 4/4
  1892 | D:3      | Reached skill level 6 in Long Blades
  1892 | D:3      | Reached XP level 5. HP: 10/41 MP: 5/5
  2301 | D:3      | Found a faded altar of an unknown god.
  2386 | D:3      | Became a worshipper of Fedhas Madash
  2386 | D:3      | Reached * piety under Fedhas
  2873 | D:3      | Found a sacrificial altar of Ru.
  3076 | D:4      | Reached skill level 7 in Long Blades
  3268 | D:4      | Reached XP level 6. HP: 29/47 MP: 6/6
  3363 | D:4      | HP: 2/47 [gnoll/halberd of flaming (13)]
  3363 | D:4      | Slain by a gnoll

Skill      XL: |  1  2  3  4  5 |
---------------+----------------+-----
Long Blades    | 3 4 5 6 7 |  7.8
Fighting       | |  3.6
Armour         | |  3.6
Shields        | |  3.2

Action                   |  1- 3 |  4- 6 || total
-------------------------+-------+-------++-------
Melee: Long sword        |   104 |   192 ||   296
 Abil: Hop               |     1 |     1 ||     2
  Eat: Chunk             |     1 |     7 ||     8
Armor: Scale mail        |    50 |    71 ||   121
       Chain mail        |       |     1 ||     1
Dodge: Dodged            |    39 |    54 ||    93
Block: Shield            |    54 |   101 ||   155
       Rpst.: Long sword |    19 |     8 ||    27
